Map: Cyber Forest LE

Players

LiquidSnute (Snute)

  • Race: Zerg Zerg
  • League: Grandmaster
  • Spawn Location: 5:00

Harstem - Winner!

  • Race: Protoss Protoss
  • League: Grandmaster
  • Spawn Location: 11:00

VOD

Have the link to the VOD?

Description

Time

  • Played on: June 17, 2019, 11:03 a.m.
  • Length: 15:08
Show
View Real Time Build Order
Export as new Build Order

LiquidSnute Zerg 

Build Orders: Hatch First, Lurkers, Swarm Host 

Get SALT Encoding   

  12  0:00  Drone  
  13  0:12  Overlord  
  13  0:17  Drone  
  14  0:30  Drone x2  
  14  0:34  Drone  
  17  0:52  Hatchery  
  17  0:54  Drone  
  18  0:57  Drone  
  18  1:04  Extractor  
  17  1:13  Spawning Pool  
  17  1:16  Drone  
  17  1:20  Drone  
  18  1:27  Drone  
  19  1:38  Overlord  
  19  1:49  Drone  
  20  1:59  Queen  
  20  2:00  Zergling x2  
  23  2:04  Queen  
  25  2:09  Zergling x2  
  25  2:12  Drone  
  25  2:15  Drone  
  28  2:21  Drone  
  29  2:25  Drone  
  30  2:33  Drone  
  30  2:36  Drone  
  32  2:38  Pneumatized Carapace  
  32  2:44  Hatchery  
  32  2:47  Overlord  
  32  2:49  Drone  
  32  2:55  Queen  
  34  2:59  Drone  
  34  3:02  Drone  
  36  3:08  Drone x4  
  40  3:13  Overlord  
  40  3:15  Drone  
  40  3:18  Drone  
  42  3:21  Drone  
  42  3:23  Drone  
  44  3:28  Overlord  
  44  3:32  Drone  
  45  3:35  Drone  
  45  3:41  Drone x2  
  48  3:42  Overlord  
  48  3:43  Metabolic Boost  
  48  3:46  Extractor, Drone x2  
  49  3:55  Zergling x2  
  50  3:57  Zergling x2  
  50  4:00  Drone  
  52  4:06  Drone x4  
  52  4:08  Drone  
  52  4:09  Spore Crawler  
  52  4:13  Drone x2  
  52  4:14  Drone x2  
  52  4:15  Spore Crawler  
  55  4:18  Drone  
  55  4:22  Spore Crawler  
  55  4:23  Drone x2  
  57  4:30  Drone, Roach Warren  
  57  4:34  Drone x2  
  58  4:41  Drone x2  
  59  4:47  Overlord  
  59  4:53  Overlord  
  58  5:03  Zergling x6  
  58  5:04  Zergling x6  
  61  5:08  Overlord  
  61  5:11  Roach x3  
  61  5:13  Roach x4  
  75  5:15  Queen  
  75  5:16  Lair  
  75  5:18  Roach  
  79  5:22  Roach  
  79  5:27  Roach x2  
  85  5:32  Queen  
  85  5:34  Drone x2  
  85  5:35  Drone  
  89  5:45  Drone x3  
  89  5:46  Drone x5  
  89  5:49  Drone  
  97  5:53  Drone x2  
  97  5:55  Queen  
  97  5:59  Drone x3  
  98  6:04  Extractor  
  98  6:06  Extractor, Evolution Chamber  
  98  6:07  Drone  
  96  6:12  Drone  
  96  6:13  Extractor x2, Drone  
  96  6:15  Glial Reconstitution  
  96  6:18  Overlord, Infestation Pit  
  95  6:25  Overlord  
  95  6:26  Overlord  
  95  6:31  Zerg Missile Weapons Level 1  
  95  6:39  Roach  
  97  6:40  Overseer  
  97  6:41  Hatchery  
  97  6:42  Overlord  
  97  6:43  Overlord  
  97  6:44  Queen x3  
  102  6:55  Overlord x3  
  102  7:08  Drone x5  
  107  7:17  Overseer  
  107  7:18  Swarm Host x8  
  107  7:20  Queen  
  133  7:27  Swarm Host  
  136  7:38  Overlord x2  
  136  7:42  Roach x8  
  152  7:45  Overseer  
  152  7:53  Roach x4  
  152  7:57  Ravager  
  161  8:04  Roach x7  
  175  8:07  Ravager  
  176  8:21  Overlord  
  176  8:31  Zerg Missile Weapons Level 2  
  176  8:36  Overlord x3  
  176  8:37  Hydralisk Den  
  175  8:42  Spine Crawler x2  
  175  8:45  Spine Crawler  
  175  8:46  Overlord, Spine Crawler  
  175  8:48  Spine Crawler  
  170  8:49  Spore Crawler  
  170  8:50  Spine Crawler x2  
  170  8:51  Spine Crawler  
  170  8:54  Roach x7  
  180  9:00  Swarm Host x2  
  186  9:10  Hydralisk x4  
  190  9:24  Hydralisk x5  
  198  9:31  Spine Crawler  
  198  9:32  Spine Crawler  
  198  9:35  Spine Crawler  
  198  9:37  Ravager  
  200  9:45  Drone x4  
  200  10:08  Hive  
  200  10:11  Lurker Den, Spire  
  200  10:13  Extractor  
  197  10:14  Extractor  
  194  10:22  Hydralisk x3  
  200  10:50  Zerg Ground Armor Level 1, Muscular Augments  
  194  10:59  Swarm Host x5  
  195  11:09  Drone x5, Spore Crawler  
  195  11:10  Drone  
  200  11:12  Neural Parasite  
  200  11:25  Greater Spire  
  200  11:32  Evolution Chamber  
  199  11:39  Adaptive Talons  
  185  12:13  Zerg Missile Weapons Level 3  
  185  12:22  Hydralisk x9  
  166  12:29  Hydralisk x7  
  157  12:31  Pathogen Glands  
  163  12:39  Spore Crawler  
  163  12:41  Lurker x2  
  163  12:42  Lurker x2  
  166  12:49  Lurker x2  
  168  12:51  Spore Crawler  
  156  13:16  Spore Crawler  
  156  13:18  Spore Crawler  
  156  13:19  Spore Crawler  
  153  13:20  Hydralisk x5  
  153  13:22  Spore Crawler  
  162  13:27  Hydralisk  
  162  13:29  Drone  
  165  13:38  Hydralisk x2  
  159  13:50  Overseer  
  159  13:51  Overseer  
  155  14:06  Drone x7  
  152  14:28  Spore Crawler  
  151  14:34  Hydralisk x3  
  157  14:42  Spore Crawler  
  157  14:43  Spore Crawler  
Show
View Real Time Build Order
Export as new Build Order

Harstem Protoss - Winner!

Build Orders: 1 Gate Expand, Oracle Opening, Archon Immortal, Carriers, Archon Drop 

Get SALT Encoding   

  12  0:01  Probe  
  13  0:13  Probe  
  14  0:18  Pylon  
  14  0:25  Probe  
  15  0:33  Probe  
  15  0:38  Gateway  
  15  0:41  Probe  
  17  0:51  Probe  
  17  0:52  Assimilator  
  18  1:04  Probe  
  19  1:16  Probe  
  20  1:24  Nexus  
  20  1:35  Cybernetics Core  
  20  1:37  Probe  
  21  1:42  Assimilator  
  21  1:49  Probe  
  21  1:54  Pylon  
  23  2:01  Probe  
  23  2:02  Adept  
  23  2:13  Probe  
  26  2:22  Stalker  
  26  2:23  Stargate  
  26  2:25  Probe  
  27  2:33  Probe  
  30  2:37  Probe  
  30  2:41  Probe  
  31  2:48  Warp Gate  
  31  2:49  Probe  
  31  2:51  Probe  
  34  2:59  Oracle  
  34  3:01  Probe  
  34  3:03  Probe  
  39  3:13  Gateway  
  39  3:14  Probe  
  39  3:15  Probe  
  41  3:26  Probe  
  42  3:27  Probe  
  42  3:29  Robotics Facility  
  42  3:34  Pylon, Assimilator  
  43  3:36  Assimilator  
  43  3:38  Probe  
  43  3:40  Probe  
  45  3:50  Probe, Twilight Council  
  45  3:52  Probe  
  47  3:55  Gateway  
  47  3:56  Gateway  
  47  4:02  Probe  
  48  4:04  Probe  
  48  4:07  Warp Prism  
  49  4:14  Probe  
  49  4:16  Probe  
  51  4:19  Pylon  
  51  4:22  Pylon  
  53  4:26  Probe  
  53  4:29  Templar Archives  
  54  4:37  Pylon  
  55  4:41  Probe  
  55  4:45  Adept  
  57  5:04  Probe x2  
  57  5:05  Nexus  
  57  5:07  Pylon  
  57  5:13  Forge  
  57  5:14  High Templar x4, Observer  
  59  5:16  Probe x2  
  59  5:18  Archon x2  
  68  5:28  Gateway, Probe x2  
  69  5:30  Gateway  
  69  5:33  Immortal  
  70  5:40  Probe  
  70  5:41  Probe  
  76  5:46  Zealot  
  76  5:47  Zealot  
  77  5:52  Probe  
  77  5:54  Protoss Ground Weapons Level 1, Probe  
  77  6:00  Sentry  
  77  6:01  Zealot  
  77  6:04  Pylon, Probe  
  81  6:06  Probe  
  81  6:07  Immortal  
  83  6:18  Gateway, Probe  
  89  6:20  Gateway, Probe  
  89  6:23  Charge  
  89  6:24  Sentry  
  89  6:25  Probe  
  92  6:30  Probe  
  93  6:33  Immortal  
  93  6:39  Pylon, Sentry x2  
  99  6:41  Pylon  
  99  6:45  Pylon  
  101  6:52  Sentry  
  101  6:53  Zealot x3  
  109  6:56  Assimilator  
  109  6:57  Probe  
  109  6:59  Assimilator  
  110  7:02  Probe  
  110  7:03  Probe  
  112  7:08  Pylon  
  112  7:10  Pylon, Probe  
  112  7:11  Zealot  
  112  7:14  Probe  
  116  7:18  Pylon  
  116  7:27  Zealot x5  
  126  7:39  Immortal  
  130  7:46  Zealot x3  
  136  7:55  Probe x2  
  136  7:56  Probe  
  136  7:57  Psionic Storm  
  139  8:01  Zealot x4  
  147  8:07  Probe  
  147  8:11  Probe  
  147  8:12  High Templar x2  
  151  8:13  High Templar x2  
  151  8:14  Protoss Ground Weapons Level 2  
  155  8:21  High Templar  
  155  8:22  Oracle  
  155  8:23  Shield Battery  
  155  8:24  Shield Battery  
  155  8:26  Shield Battery  
  155  8:27  Shield Battery  
  147  8:28  Shield Battery  
  147  8:29  Photon Cannon  
  147  8:32  Warp Prism  
  154  8:35  Pylon  
  152  8:41  Photon Cannon  
  152  8:45  Pylon  
  152  8:49  Oracle  
  152  8:52  Probe  
  152  8:54  High Templar x2  
  157  9:00  Archon  
  160  9:04  Probe  
  160  9:05  Pylon  
  160  9:06  Zealot x2  
  160  9:07  Pylon, Zealot x2  
  160  9:08  Pylon  
  169  9:23  Oracle  
  161  9:25  Warp Prism  
  161  9:30  Probe  
  162  9:36  Fleet Beacon  
  161  9:41  Nexus  
  161  9:43  Pylon  
  157  9:47  Protoss Air Weapons Level 1  
  157  9:48  High Templar x2  
  157  9:49  Zealot x4  
  169  9:55  Oracle  
  169  9:56  Archon  
  169  10:01  Mothership  
  167  10:23  Oracle  
  175  10:33  Probe  
  175  10:34  Probe  
  180  10:38  Assimilator  
  180  10:41  Assimilator  
  180  10:42  Zealot x4  
  188  10:44  High Templar, Photon Cannon  
  188  10:45  High Templar, Photon Cannon  
  188  10:46  Probe  
  188  10:49  Archon  
  193  10:52  Carrier  
  193  10:54  Stargate  
  193  10:57  Warp Prism  
  181  11:17  Photon Cannon  
  181  11:21  Photon Cannon  
  181  11:23  Zealot x2, Shield Battery  
  181  11:24  Zealot x6  
  197  11:40  Carrier  
  193  11:55  Probe  
  193  11:59  Carrier  
  196  12:06  Stargate  
  188  12:08  Stargate  
  188  12:11  Protoss Air Weapons Level 2  
  188  12:13  High Templar  
  169  12:23  Zealot x7  
  175  12:43  Probe  
  175  12:44  Probe, Carrier  
  183  12:46  Pylon  
  183  12:50  High Templar x3, Shield Battery  
  183  12:51  High Templar  
  191  12:52  Pylon  
  189  13:03  Archon x2, Carrier  
  195  13:07  Zealot x3  
  199  13:17  Zealot  
  193  13:22  Zealot x2  
  193  13:23  Zealot  
  199  13:30  Carrier  
  193  13:47  Carrier  
  175  14:06  Observer  
  175  14:07  High Templar x3  
  175  14:08  High Templar x3  
  200  14:26  Nexus  
  200  14:29  Pylon  
  200  14:30  Assimilator  
  200  14:32  Assimilator  
Tags
 
Add a new tag
Caveats
  • Supply blocks, unpowered buildings, or Contaminate may cause inaccurate times.
  • Supply counts are checked every 10 seconds.